Map: 瑟拉斯废墟

Players

Quail - Winner!

  • Race: Protoss Protoss
  • League: Platinum

Gosky

  • Race: Zerg Zerg
  • League: Gold

VOD

Have the link to the VOD?

Description

Time

  • Played on: Dec. 3, 2015, 10:23 p.m.
  • Length: 12:54
Show
View Real Time Build Order
Export as new Build Order

Quail Protoss - Winner!

Build Orders: 1 Gate Expand 

Get SALT Encoding   

  12  0:01  Probe (Chrono Boost)  
  13  0:12  Probe (Chrono Boost)  
  14  0:20  Pylon  
  14  0:24  Probe (Chrono Boost)  
  15  0:39  Probe (Chrono Boost)  
  15  0:42  Gateway  
  16  0:49  Probe (Chrono Boost)  
  17  1:12  Nexus  
  17  1:15  Probe (Chrono Boost)  
  18  1:21  Assimilator  
  18  1:27  Assimilator  
  18  1:29  Probe (Chrono Boost)  
  19  1:40  Probe (Chrono Boost)  
  19  1:45  Cybernetics Core  
  20  1:51  Probe (Chrono Boost)  
  21  2:01  Probe (Chrono Boost)  
  21  2:04  Pylon  
  22  2:12  Probe (Chrono Boost)  
  23  2:21  Gateway  
  23  2:23  Adept (Chrono Boost)  
  23  2:29  Probe (Chrono Boost)  
  26  2:30  Probe (Chrono Boost)  
  27  2:38  Probe (Chrono Boost)  
  27  2:40  Warp Gate  
  27  2:41  Probe (Chrono Boost)  
  29  2:49  Adept (Chrono Boost)  
  29  2:51  Probe  
  31  2:53  Probe  
  33  3:01  Probe  
  33  3:05  Probe  
  35  3:12  Probe, Adept (Chrono Boost)  
  37  3:15  Pylon  
  37  3:17  Probe  
  39  3:22  Probe  
  39  3:26  Stargate  
  40  3:29  Probe  
  40  3:33  Probe  
  39  3:36  Sentry (Chrono Boost)  
  44  3:41  Probe  
  44  3:42  Adept (Chrono Boost)  
  44  3:43  Probe  
  44  3:47  Pylon  
  46  3:53  Mothership Core  
  46  3:54  Probe  
  48  4:01  Gateway  
  49  4:04  Probe  
  49  4:05  Adept (Chrono Boost)  
  52  4:14  Pylon  
  52  4:15  Probe  
  53  4:20  Assimilator  
  53  4:21  Oracle (Chrono Boost)  
  53  4:24  Assimilator  
  56  4:27  Probe  
  56  4:28  Pylon  
  56  4:29  Probe  
  58  4:39  Probe  
  59  4:49  Pylon  
  59  4:51  Probe  
  60  4:55  Adept x2  
  64  5:00  Probe  
  64  5:03  Probe  
  64  5:04  Nexus  
  64  5:07  Pylon  
  66  5:09  Pylon  
  66  5:11  Probe  
  66  5:13  Forge  
  67  5:17  Stalker  
  67  5:19  Stalker  
  71  5:37  Phoenix (Chrono Boost), Stargate  
  71  5:40  Robotics Facility  
  73  5:46  Photon Cannon  
  73  5:49  Photon Cannon  
  73  5:50  Protoss Ground Weapons Level 1  
  73  6:00  Phoenix (Chrono Boost)  
  75  6:08  Fleet Beacon  
  75  6:10  Stalker  
  77  6:24  Photon Cannon  
  77  6:25  Probe  
  77  6:26  Photon Cannon  
  77  6:29  Photon Cannon  
  78  6:37  Photon Cannon  
  80  6:42  Phoenix (Chrono Boost)  
  80  6:50  Stalker x3  
  86  6:55  Phoenix (Chrono Boost)  
  88  7:05  Phoenix (Chrono Boost)  
  90  7:09  Observer (Chrono Boost)  
  91  7:18  Phoenix  
  93  7:24  Zealot x3  
  99  7:30  Phoenix  
  101  7:42  Probe  
  101  7:43  Probe, Carrier (Chrono Boost)  
  107  7:44  Probe, Pylon  
  110  7:51  Pylon  
  110  7:53  Probe x2  
  110  7:56  Probe  
  109  7:59  Warp Prism (Chrono Boost)  
  109  8:05  Carrier (Chrono Boost)  
  109  8:07  Probe  
  109  8:09  Probe  
  117  8:16  Pylon  
  117  8:19  Pylon  
  117  8:29  Stargate, Anion Pulse-Crystals  
  117  8:30  Pylon  
  117  8:37  Protoss Ground Armor Level 1  
  117  8:38  Pylon  
  117  8:45  Stalker x2  
  121  8:49  Probe  
  121  8:51  Probe  
  121  8:53  Assimilator  
  123  8:56  Assimilator  
  123  8:57  Probe  
  123  9:00  Probe  
  123  9:01  Twilight Council  
  125  9:06  Phoenix (Chrono Boost)  
  125  9:07  Stalker  
  119  9:38  Phoenix x2 (Chrono Boost)  
  115  9:45  Zealot x2  
  115  9:46  Zealot  
  120  9:53  Probe  
  120  9:54  Probe  
  128  10:00  Carrier (Chrono Boost)  
  134  10:07  Carrier (Chrono Boost)  
  134  10:15  Photon Cannon  
  134  10:17  Photon Cannon  
  134  10:20  Phoenix (Chrono Boost)  
  136  10:26  Warp Prism  
  138  10:30  Pylon  
  138  10:32  Probe, Pylon  
  138  10:34  Probe x2  
  141  10:36  Photon Cannon  
  141  10:39  Photon Cannon  
  141  10:43  Probe  
  142  10:50  Nexus  
  140  11:08  Carrier (Chrono Boost)  
  146  11:15  Photon Cannon  
  146  11:27  Carrier (Chrono Boost)  
  146  11:31  Pylon  
  143  12:09  Immortal  
  147  12:17  Adept x3  
  147  12:22  Phoenix (Chrono Boost)  
  155  12:24  Gateway  
Show
View Real Time Build Order
Export as new Build Order

Gosky Zerg 

Build Orders: Hatch First 

Get SALT Encoding   

  12  0:01  Drone  
  13  0:11  Drone  
  14  0:18  Overlord  
  14  0:36  Drone  
  14  0:37  Drone x2  
  17  0:55  Hatchery  
  16  0:58  Drone  
  17  1:06  Drone  
  17  1:10  Drone, Extractor  
  18  1:21  Drone  
  19  1:34  Drone  
  20  1:40  Spawning Pool  
  20  1:44  Drone  
  20  1:52  Overlord  
  20  2:07  Drone  
  21  2:18  Drone  
  21  2:19  Drone  
  23  2:36  Queen  
  23  2:39  Queen  
  23  2:40  Metabolic Boost  
  23  2:43  Zergling x4  
  23  2:44  Zergling x2  
  30  2:45  Zergling x2  
  30  2:50  Drone  
  30  2:51  Drone  
  33  2:58  Zergling x2  
  34  3:16  Drone  
  34  3:17  Drone  
  36  3:20  Overlord  
  36  3:25  Overlord  
  36  3:38  Queen  
  38  3:50  Zergling x2  
  38  3:51  Lair  
  38  3:55  Extractor  
  38  4:07  Zergling x4  
  38  4:08  Drone, Zergling x2  
  38  4:09  Drone  
  43  4:10  Drone  
  43  4:11  Drone x2  
  46  4:23  Drone  
  47  4:44  Spore Crawler  
  45  4:47  Spore Crawler  
  44  5:02  Spire  
  44  5:03  Drone x3  
  44  5:04  Zergling x4  
  48  5:14  Extractor  
  48  5:15  Drone x2  
  48  5:16  Drone  
  50  5:41  Drone  
  51  5:42  Overlord  
  51  5:43  Overlord x2  
  51  6:05  Drone x3  
  51  6:06  Drone  
  55  6:13  Extractor  
  55  6:14  Mutalisk x3  
  55  6:15  Mutalisk x2  
  55  6:16  Overlord x2  
  64  6:39  Mutalisk x2  
  68  6:43  Drone x2  
  70  6:59  Zergling x4  
  70  7:00  Zergling x8  
  70  7:01  Hatchery, Mutalisk x3  
  80  7:14  Mutalisk  
  82  7:19  Overlord  
  82  7:20  Overlord x2  
  82  7:33  Mutalisk x2, Overlord  
  82  7:34  Overlord  
  86  7:52  Mutalisk x2  
  87  7:59  Mutalisk  
  87  8:00  Overlord x2  
  87  8:01  Overlord, Zergling x4  
  87  8:02  Zergling x2  
  92  8:13  Evolution Chamber, Mutalisk  
  92  8:14  Mutalisk  
  92  8:16  Zergling x8  
  92  8:17  Zergling x2  
  100  8:26  Drone x4  
  100  8:27  Drone  
  105  8:35  Zergling x2  
  105  8:36  Zergling x4  
  108  8:50  Drone  
  108  8:52  Mutalisk x3, Extractor  
  108  8:53  Mutalisk  
  116  9:12  Mutalisk x2  
  116  9:14  Overlord x2  
  116  9:15  Zergling x6  
  106  9:44  Zergling x2  
  106  9:45  Zergling x10  
  101  9:58  Infestation Pit  
  101  9:59  Mutalisk  
  98  10:00  Mutalisk x3  
  98  10:03  Spore Crawler  
  105  10:14  Drone  
  105  10:38  Infestor  
  105  10:39  Infestor x2  
  111  10:50  Corruptor  
  103  11:09  Zergling x6  
  103  11:10  Zergling x12  
  111  11:24  Hive  
  110  11:26  Drone  
  110  11:33  Mutalisk x2  
  110  11:34  Mutalisk  
  58  12:17  Zergling x2  
  58  12:18  Zergling x10  
  61  12:28  Zergling x2  
Tags
 
Add a new tag
Caveats
  • Supply blocks, unpowered buildings, or Contaminate may cause inaccurate times.
  • Supply counts are checked every 10 seconds.